 Dungeon Crawl Stone Soup version 0.29-a0-830-gcb1280458a (webtiles) character file.

Game seed: 9578121216178756074

122 Sabo the Shield-Bearer (level 5, -1/42 HPs)
             Began as a Formicid Fighter on July 11, 2022.
             Was a Believer of Fedhas.
             Slain by an ogre
             ... wielding a +0 giant club
              (2 damage)
             ... on level 4 of the Dungeon.
             The game lasted 00:16:27 (3210 turns).

Sabo the Shield-Bearer (Formicid Fighter)           Turns: 3210, Time: 00:16:27

Health: -1/42      AC:  9    Str: 22    XL:     5   Next: 27%
Magic:  5/5        EV:  7    Int:  8    God:    Fedhas [**....]
Gold:   185        SH:  5    Dex: 13    Spells: 4/4 levels left

rFire   + . .      SeeInvis +   a - +0 war axe
rCold   + + .      Faith    .   c - +0 buckler
rNeg    + . .      Spirit   .   g - +0 chain mail
rPois   .          Reflect  .   (helmet unavailable)
rElec   .          Harm     .   e - scarf {rC+ rF+}
rCorr   .          Rampage  .   (no gloves)
Will    .....                   (no boots)
Stlth   ..........              (no amulet)
HPRegen 0.14/turn               l - ring of protection from cold
MPRegen 0.09/turn               o - ring of positive energy

@: no status effects
A: permanent stasis, dig shafts and tunnels, antennae 3, four strong arms
a: Dig, Shaft Self, Renounce Religion, Wall of Briars


You were on level 4 of the Dungeon.
You worshipped Fedhas.
Fedhas was pleased with you.
You visited 1 branch of the dungeon, and saw 4 of its levels.

You collected 205 gold pieces.
You spent 20 gold pieces at shops.

Inventory:

Hand Weapons
 a - a +0 war axe (weapon)
Missiles
 k - 6 poisoned darts (quivered)
 p - 4 javelins
 q - 3 silver javelins
Armour
 c - a +0 buckler (worn)
 e - a scarf of resistance (worn)
 g - a +0 chain mail (worn)
 i - a +0 cloak
Jewellery
 j - a ring of ice
 l - a ring of protection from cold (left hand)
 o - a ring of positive energy (right hand)
 r - a ring of fire
Scrolls
 h - a scroll of fog {unknown}
 n - a scroll of poison {unknown}
 s - a scroll of teleportation {unknown}
Potions
 b - a potion of haste {unknown}
 d - a potion of might
 f - a potion of heal wounds {unknown}
 m - a potion of attraction {unknown}


   Skills:
 + Level 3.8 Fighting
 + Level 3.6 Axes
 + Level 4.2 Armour
 + Level 0.3 Dodging
 + Level 4.5 Shields


You had 4 spell levels left.
You didn't know any spells.
Your spell library contained the following spells:

 Spells                   Type           Power      Damage    Failure   Level
 Apportation              Tloc           0%         N/A       99%         1
 Necrotise                Necr           0%         1d4       99%         1
 Summon Small Mammal      Summ           0%         N/A       99%         1


Dungeon Overview and Level Annotations

Branches:
Dungeon (4/15)
 Temple: D:4-7

Altars:
Cheibriados
Fedhas
Hepliaklqana
Makhleb
Sif Muna
Uskayaw
Xom

Shops:
D:2 *


Innate Abilities, Weirdness & Mutations

You cannot be hasted, slowed, berserked, paralysed or teleported.
You can dig through walls and to a lower floor.
You have a pair of large antennae on your head. (SInv)
Your four strong arms can wield two-handed weapons with a shield.


Message History

Found a stone staircase leading down.
There is a stone staircase leading down here.
Found a helmet.
Found a stone staircase leading down.
There is a stone staircase leading down here.
There is a stone staircase leading down here.
There is a stone staircase leading down here.
You open the door.
There is an open door here.
You see here a +0 helmet.
You open the door.
There is an open door here.
Found a scroll labelled TEIG MOMUG.
s - a scroll labelled TEIG MOMUG
Found 5 stones.
An ogre comes into view. It is wielding a +0 giant club.
The ogre shouts!
Throw: 8 darts (poison)
Press: ? - help, Q - select action, (/) - cycle Shift-Dir - straight line, f - ogre
Aim: an ogre, wielding a +0 giant club (73% to hit)
You throw a poisoned dart. The poisoned dart hits the ogre.
Throw: 7 darts (poison)
Press: ? - help, Q - select action, (/) - cycle Shift-Dir - straight line, f/p - ogre
Aim: an ogre, wielding a +0 giant club (73% to hit)
You throw a poisoned dart. The poisoned dart hits the ogre.
The ogre is poisoned.
You hit the ogre but do no damage.
The ogre is lightly wounded.
The ogre hits you with a +0 giant club!!
Ouch! That really hurt!
* * * LOW HITPOINT WARNING * * *
You hit the ogre.
The ogre is lightly wounded.
The ogre hits you with a +0 giant club!
* * * LOW HITPOINT WARNING * * *
You slash the ogre!
The ogre is severely wounded.
The ogre looks more healthy.
The ogre hits you with a +0 giant club.
You die...
Fedhas appreciates your contribution to the ecosystem.

########## #...@..(.#
#...O....############
#....................
#.......#######....###
...........# #....#
#.............# #....#
#......(###.#.# #....#
#......(# ....# #....#
#######.. ....# #....#


You could see an ogre.

Vanquished Creatures
  Natasha (D:4)
  2 adders
  4 worms
  A dart slug (D:2)
  7 ball pythons
  6 endoplasms
  5 goblins
  6 hobgoblins
  8 jackals
  7 kobolds
  A quokka (D:3)
  7 bats
  4 frilled lizards
  4 rats
63 creatures vanquished.

Notes
Turn   | Place    | Note
-------+----------+-------------------------------------------
     0 | D:1      | Sabo the Formicid Fighter began the quest for the Orb.
     0 | D:1      | Reached XP level 1. HP: 18/18 MP: 1/1
   258 | D:1      | Reached XP level 2. HP: 24/24 MP: 2/2
   726 | D:1      | Reached XP level 3. HP: 28/29 MP: 3/3
   738 | D:1      | Found a faded altar of an unknown god.
   785 | D:1      | Prayed at the altar of an unknown god.
   785 | D:1      | Became a worshipper of Fedhas Madash
   785 | D:1      | Reached * piety under Fedhas
  1070 | D:2      | Found Vograopodd's General Store.
  1079 | D:2      | Bought a scroll of identify for 20 gold pieces
  1251 | D:2      | Reached XP level 4. HP: 36/37 MP: 4/4
  2147 | D:3      | Found a hazy altar of Hepliaklqana.
  2149 | D:3      | Found a shimmering altar of Xom.
  2150 | D:3      | Noticed a spectral ugly thing
  2204 | D:3      | Found a shimmering blue altar of Sif Muna.
  2213 | D:3      | Reached ** piety under Fedhas
  2329 | D:3      | Found a burning altar of Makhleb.
  2542 | D:3      | Found a snail-covered altar of Cheibriados.
  2559 | D:3      | Found a hide-covered altar of Uskayaw.
  2948 | D:4      | Noticed Natasha
  2951 | D:4      | Reached XP level 5. HP: 42/42 MP: 5/5
  2955 | D:4      | Killed Natasha
  3201 | D:4      | Noticed an ogre
  3209 | D:4      | HP: 1/42 [ogre/+0 giant club (11)]
  3210 | D:4      | Slain by an ogre

Illustrated notes

Levels and vault maps discovered:
D:1:      dpeg_arrival_arbitrary_b, layout_basic,
          shapermc_ecumenical_altar_mp_highgroup, feat_on_display
D:2:      layout_loops_ring, serial_shops, shop_fountains
D:3:      layout_loops_ring, regret_index_temple_of_mockery,
          mainiacjoe_overflow_paths, lemuel_round_altar,
          mainiacjoe_overflow_large_starburst
D:4:      kennysheep_kobold_camp, layout_basic, st_stairs_14, uniq_natasha

Skill      XL: |  1  2  3  4 |
---------------+-------------+-----
Armour         | 4 |  4.2
Axes           | 3 |  3.6
Fighting       | |  3.8
Dodging        | |  0.3
Shields        | |  4.5

Action                   |  1- 3 |  4- 6 || total
-------------------------+-------+-------++-------
Melee: War axe           |    65 |    86 ||   151
Throw: Dart              |       |     2 ||     2
  Use: Scroll            |     1 |       ||     1
Armor: Scale mail        |    11 |       ||    11
       Chain mail        |    28 |    41 ||    69
Dodge: Dodged            |    23 |    32 ||    55
Block: Buckler           |    18 |    28 ||    46

Table legend: (Time is in decaauts)
 A = Elapsed time spent in this place.
 B = Non-inter-level travel time spent in this place.
 C = Inter-level travel time spent in this place.
 D = Time resting spent in this place.
 E = Time spent auto-exploring this place.
 F = Levels seen in this place.
 G = Mean time per level.
                   A        B        C        D        E       F      G
               +--------+--------+--------+--------+--------+-----+--------+
         Total |   3270 |   3270 |      0 |    488 |      0 |   4 |  817.5 |
       Dungeon |   3270 |   3270 |      0 |    488 |      0 |   4 |  817.5 |
               +--------+--------+--------+--------+--------+-----+--------+

Top non-repeatable levels by time:
     D:1: 1056 daAuts
     D:3: 985 daAuts
     D:2: 785 daAuts
     D:4: 443 daAuts
